 Dungeon Crawl Stone Soup version 0.28.0-45-g0d030f2227 (webtiles) character file.

Game seed: 5055725570228252846

312 sking99 the Ruffian (level 6, -14/53 HPs)
             Began as a Ghoul Monk on May 18, 2022.
             Was a Follower of Qazlal.
             Blown up by Pikel (22 damage)
             ... with a mindburst bolt
             ... on level 3 of the Dungeon.
             The game lasted 00:06:44 (4220 turns).

sking99 the Ruffian (Ghoul Monk)                    Turns: 4220, Time: 00:06:44

Health: -14/53     AC:  5    Str: 17    XL:     6   Next: 42%
Magic:  4/5        EV: 11    Int:  5    God:    Qazlal [*.....]
Gold:   146        SH:  2    Dex: 11    Spells: 5/5 levels left

rFire   . . .      SeeInvis +     - Unarmed
rCold   + . .      Faith    .   (no shield)
rNeg    + + +      Spirit   .   e - +0 ring mail
rPois   ∞          Reflect  .   (no helmet)
rElec   .          Harm     .   (no cloak)
rCorr   .          Rampage  .   (no gloves)
Will    .....                   (no boots)
Stlth   +.........              (no amulet)
HPRegen 0.00/turn               b - ring of see invisible
MPRegen 0.09/turn               (no ring)

@: inhibited regen
A: claws 1, cold resistance 1, negative energy resistance 3, inhibited
regeneration, torment resistance 2
a: Renounce Religion


You were on level 3 of the Dungeon.
You worshipped Qazlal.
Qazlal was aware of your devotion.
You visited 2 branches of the dungeon, and saw 5 of its levels.

You collected 146 gold pieces.

Inventory:

Missiles
 j - 2 poisoned darts (quivered)
Armour
 e - a +0 ring mail (worn)
Jewellery
 b - a ring of see invisible (left claw)
 k - an amulet of guardian spirit
Scrolls
 a - a scroll of summoning {unknown}
Potions
 c - a potion of lignification {unknown}
 d - 2 potions of berserk rage
 g - a potion of heal wounds {unknown}
 h - a potion of resistance {unknown}


   Skills:
 + Level 4.7 Fighting
 - Level 3.6 Dodging
 - Level 2.1 Stealth
 * Level 5.9 Unarmed Combat
 + Level 1.2 Invocations


You had 5 spell levels left.
You didn't know any spells.
Your spell library contained the following spells:

 Spells                   Type           Power      Damage    Failure   Level
 Sandblast                Erth           0%         2d4       69%         1
 Passwall                 Tmut/Erth      0%         N/A       83%         2
 Stone Arrow              Conj/Erth      0%         3d7       96%         3


Dungeon Overview and Level Annotations

Branches:
Dungeon (4/15)             Temple (1/1) D:4

Altars:
Ashenzari
Cheibriados
Dithmenos
Elyvilon
Fedhas
Gozag
Hepliaklqana
Nemelex Xobeh
Okawaru
Qazlal
Ru
Sif Muna
Trog
Uskayaw
Vehumet
Wu Jian
Xom
Yredelemnul
Zin
The Shining One

Shops:
D:1 !

Annotations:
D:3 1 runed translucent door, Pikel; shugdite's ghost, amateur MiFi


Innate Abilities, Weirdness & Mutations

You thrive by killing the living.
You are immune to poison.
You have sharp fingernails.
Your flesh is cold resistant. (rC+)
You are immune to negative energy. (rN+++)
You do not regenerate when monsters are visible.
You are immune to unholy pain and torment.


Message History

Pikel hits you with a +1 whip of freezing.
The lemure hits you.
You climb upwards.
Level annotation: 1 runed translucent door, shugdite's ghost, amateur MiFi
There is a stone staircase leading down here.
You barely miss Pikel.
Pikel hits you with a +1 whip of freezing.
The lemure hits you.
You scratch Pikel but do no damage.
Pikel hits you with a +1 whip of freezing!
The lemure hits you but does no damage.
Pikel says, "You'll feel the lick of my whip!"
Pikel zaps a wand.
Your mind is blasted!
* * * LOW HITPOINT WARNING * * *
Aiming: Upheaval
Press: ? - help, Dir - move target, f - Pikel
Aim: Pikel, wielding a +1 whip of freezing, wearing a +0 robe and carrying a wand of mindburst (20) Magma suddenly erupts from the ground!
The blast of magma engulfs Pikel!
Pikel is moderately wounded.
You can no longer call upon nature to destroy your foes.
Throw: 4 darts (poison)
Press: ? - help, Q - select action Shift-Dir - straight line, f/p - Pikel
Aim: Pikel, wielding a +1 whip of freezing, wearing a +0 robe and carrying a wand of mindburst (20) (moderately wounded, 50% to hit)
You throw a poisoned dart. The poisoned dart closely misses Pikel.
The poisoned dart hits the lemure.
The lemure is poisoned.
The lemure is heavily wounded.
Pikel says, "You'll make a fine lemure."
The lemure looks more healthy.
Pikel zaps a wand.
You barely resist.
Throw: 3 darts (poison)
Press: ? - help, Q - select action Shift-Dir - straight line, f/p - Pikel
Aim: Pikel, wielding a +1 whip of freezing, wearing a +0 robe and carrying a wand of mindburst (19) (moderately wounded, 50% to hit)
You throw a poisoned dart. The poisoned dart hits Pikel.
Pikel is moderately wounded.
The lemure hits you!
* * * LOW HITPOINT WARNING * * *
Pikel waves his whip at you.
Pikel zaps a wand.
Your mind is blasted!
You die...

####.#####.##(>...[.########
#..........##.#............#
#..#.>.....##.##.##.#.##.#.#
#..#.#..#####....##.#.##.#.#
#..#.#..# ###..####.#....#.#
#..#.#..# #.......#.#..###.#
#.......# #.........#......#
##......# #.......####.#####
###.######@...[..# #.#####
#..5K..........# ##.#.#.#
#.#####...>....# #.......
#.#####.(......####.#.#.#
#....##.#########........
#.##K##.# #.#.#.#.#
#.##.##.#########.###.#)#
#....K..##........###....
####.#####.####.......###


You could see Pikel and a lemure.

Vanquished Creatures
  A black bear (D:4)
  3 lemures (D:4)
  A water moccasin skeleton (D:4)
  An iguana (D:3)
  An orc wizard (D:3)
  4 adders
  A worm (D:2)
  8 orcs
  7 bats
  7 endoplasms
  3 giant cockroaches
  4 goblins
  5 hobgoblins
  4 jackals (D:2)
  10 kobolds
  4 quokkas
  7 ball pythons
  2 frilled lizards
  8 rats
81 creatures vanquished.

Vanquished Creatures (others)
  7 toadstools (D:4)
7 creatures vanquished.

Grand Total: 88 creatures vanquished

Notes
Turn   | Place    | Note
-------+----------+-------------------------------------------
     0 | D:1      | sking99 the Ghoul Monk began the quest for the Orb.
     0 | D:1      | Reached XP level 1. HP: 19/19 MP: 0/0
   102 | D:1      | Reached XP level 2. HP: 22/26 MP: 1/1
   211 | D:1      | Found a faded altar of an unknown god.
   635 | D:1      | Found Xompyxto's Distillery.
   964 | D:2      | Reached skill level 4 in Unarmed Combat
   964 | D:2      | Reached XP level 3. HP: 31/33 MP: 2/2
  1793 | D:2      | Reached XP level 4. HP: 40/40 MP: 3/3
  2483 | D:3      | Found a runed translucent door.
  2635 | D:3      | Reached XP level 5. HP: 46/46 MP: 4/4
  2641 | D:3      | Noticed shugdite's ghost (amateur MiFi)
  2773 | D:4      | Noticed a lemure
  2773 | D:4      | Noticed a lemure
  2773 | D:4      | Noticed a black bear
  2907 | D:3      | Reached skill level 5 in Unarmed Combat
  3203 | D:4      | Found a staircase to the Ecumenical Temple.
  3216 | Temple   | Entered the Ecumenical Temple
  3552 | Temple   | Became a worshipper of Qazlal Stormbringer
  3552 | Temple   | Reached * piety under Qazlal
  3552 | Temple   | Reached ** piety under Qazlal
  3740 | D:4      | Killed a lemure
  3758 | D:4      | Killed a lemure
  3786 | D:4      | Killed a black bear
  3787 | D:4      | Reached skill level 1 in Invocations
  3787 | D:4      | Reached XP level 6. HP: 11/53 MP: 5/5
  4051 | D:4      | Noticed Pikel
  4220 | D:3      | Blown up by Pikel

Illustrated notes

Levels and vault maps discovered:
D:1:      dpeg_arrival_round_c, layout_rooms, serial_shops, shop,
          chequers_ecumenical_altar_simple_redux, minmay_misc_feat_five,
          minmay_misc_feat_roman, minmay_misc_feat_more_columns,
          due_unseen_surprise
D:2:      minmay_chambers_of_ones, layout_loops_ring
D:3:      layout_loops_cross, ebering_ghost_sewer_d, st_stairs_13
D:4:      cheibrodos_fertilizer, layout_basic, minmay_temple_entry_nine_rooms,
          uniq_pikel
Temple:   mainiacjoe_temple_cubbyholes

Skill      XL: |  1  2  3  4  5 |
---------------+----------------+-----
Dodging        | 3 |  3.6
Unarmed Combat | 4 5 |  5.9
Fighting       | 4 |  4.7
Invocations    | 1 |  1.2
Stealth        | |  2.1

Action                   |  1- 3 |  4- 6 || total
-------------------------+-------+-------++-------
Melee: Unarmed           |   139 |   146 ||   285
       Punch             |     2 |     6 ||     8
Throw: Dart              |       |     2 ||     2
Invok: Upheaval          |       |     2 ||     2
  Use: Scroll            |       |     6 ||     6
 Stab: Sleeping          |     3 |       ||     3
Armor: Ring mail         |    25 |    27 ||    52
       Robe              |     3 |       ||     3
Dodge: Dodged            |    77 |    73 ||   150
Block: Other             |       |     2 ||     2
